Map: [ESL] Goldenaura

Players

Serral - Winner!

  • Race: Zerg Zerg
  • Spawn Location: 12:00

Clem

  • Race: Terran Terran
  • Spawn Location: 5:00

Event: ESL SC2 Masters 2023 Winter (Regional)

VOD

Have the link to the VOD?

Description

Time

  • Played on: Nov. 19, 2023, 12:20 p.m.
  • Length: 27:41

All games in this series

Show
View Real Time Build Order
Export as new Build Order

Serral Zerg - Winner!

Build Orders: Hatch First, Lurkers 

Get SALT Encoding   

  12  0:00  Drone  
  13  0:07  Drone  
  14  0:16  Extractor, Drone  
  15  0:37  Hatchery  
  15  0:41  Extractor  
  15  0:42  Drone  
  14  0:48  Overlord  
  15  1:02  Spawning Pool  
  14  1:06  Drone  
  14  1:10  Drone  
  16  1:14  Drone  
  16  1:17  Drone  
  18  1:28  Drone  
  19  1:42  Drone  
  20  1:49  Queen x2  
  20  1:50  Zergling x2  
  20  1:52  Drone  
  26  2:00  Drone, Overlord  
  27  2:10  Drone  
  28  2:19  Drone  
  28  2:21  Drone  
  28  2:22  Drone  
  31  2:26  Queen x2  
  35  2:31  Drone  
  35  2:34  Overlord  
  36  2:45  Hatchery  
  36  2:47  Drone  
  36  2:52  Extractor  
  36  2:54  Drone x2  
  37  2:59  Drone x3  
  37  3:02  Drone x2  
  42  3:06  Drone  
  42  3:07  Drone  
  42  3:10  Overlord  
  44  3:17  Drone, Roach Warren  
  44  3:23  Overlord  
  44  3:26  Extractor  
  43  3:32  Drone x5  
  48  3:36  Drone x3  
  48  3:38  Drone  
  52  3:46  Overlord  
  52  3:50  Overlord  
  52  3:59  Roach x3  
  52  4:02  Roach x2  
  62  4:05  Drone x2  
  62  4:08  Queen  
  62  4:09  Drone x2  
  68  4:10  Drone  
  69  4:18  Drone x3  
  69  4:21  Overlord  
  69  4:23  Lair  
  72  4:25  Roach  
  72  4:29  Drone  
  75  4:31  Drone x2  
  75  4:32  Drone x2  
  75  4:36  Drone  
  80  4:41  Drone, Overlord  
  80  4:43  Drone x3  
  80  4:45  Drone  
  85  4:48  Extractor x2, Drone x3  
  86  4:53  Drone  
  86  4:55  Spore Crawler x2  
  86  4:56  Drone, Spore Crawler  
  86  4:57  Drone  
  86  5:03  Drone  
  86  5:06  Drone  
  90  5:07  Drone x2, Queen, Extractor  
  90  5:10  Overlord  
  90  5:13  Drone  
  92  5:15  Drone x4  
  92  5:16  Drone x2  
  92  5:19  Evolution Chamber  
  92  5:20  Extractor, Glial Reconstitution, Evolution Chamber  
  95  5:23  Overseer  
  95  5:24  Overseer  
  95  5:25  Drone x3  
  98  5:34  Hatchery  
  97  5:37  Infestation Pit  
  97  5:38  Drone x4  
  97  5:40  Overlord  
  97  5:41  Drone  
  99  5:46  Drone x2  
  99  5:49  Drone x3  
  104  5:53  Zerg Missile Weapons Level 1, Zerg Ground Armor Level 1  
  104  5:54  Overlord  
  104  5:56  Drone  
  104  5:57  Drone  
  106  6:03  Roach x3  
  106  6:04  Metabolic Boost  
  112  6:05  Drone x2  
  112  6:09  Drone x2  
  113  6:15  Drone  
  113  6:16  Hive  
  114  6:20  Drone x2  
  114  6:22  Hydralisk Den  
  115  6:25  Overlord  
  115  6:30  Roach x2  
  115  6:31  Extractor, Roach x4  
  119  6:35  Extractor  
  119  6:37  Drone x4  
  121  6:42  Drone  
  122  6:47  Overlord  
  122  6:48  Drone  
  122  6:49  Drone  
  122  6:54  Queen  
  124  6:56  Spore Crawler  
  124  7:00  Drone x2  
  127  7:01  Lurker Den  
  127  7:02  Roach x5  
  127  7:06  Overlord  
  127  7:07  Overlord  
  136  7:12  Overlord  
  136  7:14  Overlord  
  136  7:15  Overlord  
  134  7:21  Overlord x2  
  134  7:27  Zergling x20  
  144  7:33  Viper x2  
  144  7:35  Hatchery  
  144  7:36  Hydralisk x3  
  155  7:39  Hydralisk  
  157  7:46  Hydralisk x2  
  157  7:47  Hydralisk x2  
  162  7:55  Hydralisk x3  
  162  7:58  Roach x3  
  174  8:02  Lurker x2  
  176  8:07  Seismic Spines  
  176  8:08  Lurker x2  
  176  8:10  Overlord x2  
  177  8:13  Drone x5  
  177  8:17  Overlord  
  177  8:18  Overlord  
  181  8:20  Zerg Melee Weapons Level 1  
  181  8:27  Drone x3  
  181  8:28  Zerg Ground Armor Level 2  
  181  8:30  Pneumatized Carapace  
  181  8:33  Lurker x2  
  181  8:40  Muscular Augments  
  181  8:42  Extractor  
  181  8:43  Extractor, Hydralisk  
  181  8:44  Hydralisk x2  
  181  8:48  Zergling x16, Spore Crawler  
  191  8:56  Lurker x2  
  191  9:00  Spore Crawler  
  191  9:02  Drone x2, Spore Crawler  
  193  9:03  Spore Crawler  
  193  9:05  Hydralisk x2  
  190  9:20  Hydralisk x3  
  190  9:21  Zergling x20  
  176  9:30  Lurker x5  
  181  9:35  Adaptive Talons  
  181  9:37  Hydralisk x2  
  179  9:53  Zergling x12  
  179  9:54  Zergling x10  
  190  10:05  Drone x3, Baneling Nest  
  192  10:07  Lurker x4  
  192  10:11  Overseer  
  196  10:14  Drone  
  196  10:15  Drone  
  196  10:16  Zerg Missile Weapons Level 2  
  192  10:24  Hatchery  
  192  10:25  Hydralisk x4  
  192  10:30  Hatchery  
  192  10:35  Zergling x14  
  192  10:43  Viper x2  
  192  10:49  Hydralisk x2  
  193  10:57  Overlord x2  
  193  11:00  Zerg Ground Armor Level 3  
  193  11:03  Overlord  
  181  11:07  Drone  
  181  11:08  Drone  
  181  11:09  Drone x7  
  171  11:23  Zergling x12  
  171  11:24  Zergling x14  
  180  11:30  Grooved Spines  
  173  11:37  Overseer  
  173  11:42  Overseer  
  173  11:44  Spore Crawler  
  173  11:46  Nydus Network  
  168  11:49  Zergling x20  
  178  11:55  Baneling x15  
  172  12:02  Zergling x2, Hydralisk x5  
  172  12:03  Zergling x30  
  195  12:10  Drone x2  
  195  12:11  Spore Crawler  
  197  12:15  Drone  
  197  12:19  Drone x2  
  197  12:20  Spine Crawler x2  
  197  12:24  Hydralisk, Baneling x14  
  197  12:25  Zergling x2, Hatchery  
  199  12:30  Adrenal Glands  
  199  12:32  Zerg Melee Weapons Level 2  
  199  12:34  Neural Parasite  
  199  12:35  Burrow  
  199  12:37  Spire  
  199  12:40  Centrifugal Hooks  
  198  12:46  Zergling x4  
  198  13:02  Drone x2, Extractor x2  
  198  13:12  Zergling x2, Baneling x7  
  199  13:13  Zergling x2  
  200  13:37  Zerg Missile Weapons Level 3  
  200  13:38  Baneling x4  
  195  13:42  Zergling x10  
  198  13:50  Overseer x2, Overlord  
  198  13:51  Greater Spire  
  198  13:52  Zergling x2  
  198  13:53  Zergling x2  
  199  14:06  Drone, Spore Crawler  
  199  14:12  Viper  
  198  14:20  Infestor x2  
  198  14:21  Zergling x24  
  198  14:41  Drone  
  198  14:42  Infestor  
  198  14:44  Extractor x2  
  197  14:47  Drone  
  197  14:48  Drone  
  199  14:56  Overseer  
  193  15:02  Zergling x16  
  193  15:03  Zergling x8  
  199  15:11  Overseer  
  198  15:15  Zergling x4  
  195  15:21  Zergling x12  
  195  15:27  Zergling x6  
  193  15:37  Zergling x2  
  193  15:38  Zergling x14  
  197  15:54  Zergling x10  
  197  15:57  Baneling x9  
  185  16:06  Zergling x6  
  185  16:07  Zergling x34  
  176  16:13  Hydralisk x5  
  176  16:14  Zergling x20  
  176  16:18  Infestor x2  
  182  16:20  Drone x8  
  182  16:23  Baneling  
  182  16:24  Zergling x24, Baneling  
  191  16:36  Zergling x18  
  199  16:49  Zerg Flyer Weapons Level 1  
  199  16:54  Infestor  
  199  16:59  Baneling  
  199  17:00  Baneling x9  
  199  17:07  Spore Crawler  
  199  17:08  Zergling x2  
  199  17:15  Baneling x7  
  190  17:34  Zergling x36  
  187  17:39  Overlord x3  
  187  17:41  Zergling x8  
  187  17:44  Overlord x3  
  178  17:46  Overlord  
  178  17:47  Overseer x2, Baneling x9  
  178  17:48  Overlord x2  
  175  18:04  Drone  
  175  18:05  Zergling x46  
  198  18:16  Hatchery  
  198  18:19  Zergling x10  
  200  18:23  Drone  
  200  18:24  Drone  
  199  18:31  Extractor  
  199  18:32  Zergling x4  
  200  18:43  Overseer  
  200  18:46  Zerg Melee Weapons Level 3  
  198  19:01  Zergling x34  
  198  19:02  Zergling x10  
  198  19:08  Hydralisk x4  
  198  19:09  Hydralisk x3  
  198  19:14  Ultralisk Cavern, Hydralisk x4  
  198  19:15  Viper  
  190  19:31  Drone  
  184  19:32  Zerg Flyer Weapons Level 2  
  184  19:34  Drone  
  184  19:35  Extractor, Drone  
  184  19:36  Drone  
  186  19:38  Hydralisk x3  
  186  19:39  Zergling x16  
  186  19:40  Baneling x3  
  186  19:41  Baneling x5  
  200  19:51  Overseer  
  195  20:04  Chitinous Plating  
  195  20:05  Zergling x14  
  195  20:06  Zergling x4  
  186  20:15  Zergling x2  
  186  20:16  Zergling x30  
  199  20:23  Hatchery  
  196  20:30  Zergling x8  
  193  20:53  Zergling x8  
  193  20:54  Zergling x40  
  194  20:58  Zergling x16  
  194  21:02  Zergling x20  
  188  21:11  Infestor x2  
  188  21:14  Zergling x2  
  188  21:15  Zergling x12  
  188  21:18  Baneling x12  
  199  21:21  Overseer  
  199  21:23  Anabolic Synthesis  
  193  21:29  Zergling x20  
  196  21:33  Overseer x2  
  196  21:37  Zergling x6  
  199  21:41  Extractor  
  199  21:45  Baneling x10  
  196  21:59  Zergling x26  
  196  22:00  Zergling x44  
  189  22:01  Zergling x2  
  157  22:11  Corruptor x9  
  157  22:13  Infestor  
  157  22:15  Infestor, Corruptor x2  
  168  22:19  Ultralisk x4  
  168  22:21  Baneling x11  
  196  22:24  Zergling x6  
  199  22:30  Baneling x18  
  176  22:56  Zergling x36  
  162  22:58  Zergling x24  
  162  23:03  Ultralisk  
  170  23:10  Zergling x16, Ultralisk  
  170  23:12  Zergling x6  
  186  23:19  Baneling x6  
  186  23:20  Zergling x16  
  190  23:32  Infestor  
  190  23:33  Zergling x2  
  190  23:34  Zergling x18  
  195  23:39  Zergling x10  
  195  23:40  Zergling x2  
  195  23:41  Zergling x8  
  194  23:48  Zergling x10, Ultralisk  
  196  24:12  Infestor x2  
  197  24:17  Baneling x3  
  197  24:18  Baneling x6  
  197  24:19  Hatchery  
  197  24:39  Zergling x6  
  191  24:47  Zergling x24  
  191  24:52  Zergling x10  
  184  24:53  Zergling x2  
  184  24:57  Infestor x2, Baneling x14  
  184  24:58  Zergling x24  
  183  25:04  Overlord x4  
  183  25:07  Overseer x3  
  183  25:10  Baneling  
  183  25:17  Zergling x8  
  185  25:27  Zergling x2  
  185  25:28  Zergling x28  
  193  25:48  Zergling x34, Ultralisk x2  
  193  25:49  Zergling x6  
  186  25:53  Infestor  
  186  25:54  Infestor  
  186  25:56  Zergling x4, Ultralisk  
  163  26:01  Zergling x6, Ultralisk x2  
  163  26:03  Baneling x12  
  178  26:09  Zergling x12, Ultralisk  
  178  26:11  Overseer  
  190  26:15  Zergling x10, Ultralisk  
  199  26:19  Baneling x14  
  193  26:44  Zergling x42  
  179  26:47  Zergling x4  
  179  26:50  Infestor  
  179  26:51  Corruptor x4  
  170  26:54  Infestor  
  170  26:56  Overseer x2, Overlord  
  170  27:09  Zergling x2  
  170  27:10  Zergling x18  
Show
View Real Time Build Order
Export as new Build Order

Clem Terran 

Build Orders: Reaper Expand, Hellion Banshee 

Get SALT Encoding   

  12  0:00  SCV  
  13  0:12  SCV  
  14  0:17  Supply Depot  
  14  0:24  SCV  
  15  0:38  SCV  
  15  0:39  Barracks  
  16  0:43  Refinery  
  16  0:50  SCV  
  17  1:02  SCV  
  18  1:15  SCV  
  19  1:26  Reaper  
  19  1:27  Orbital Command  
  20  1:42  Command Center  
  20  1:50  Supply Depot  
  20  1:52  SCV  
  21  1:58  Marine  
  22  2:04  SCV  
  23  2:14  Factory  
  23  2:17  SCV  
  23  2:20  Barracks Reactor  
  24  2:29  SCV  
  25  2:40  Command Center  
  25  2:42  SCV  
  26  2:54  Orbital Command  
  26  2:56  SCV  
  27  3:02  Starport  
  27  3:07  Refinery  
  27  3:08  SCV  
  28  3:15  Hellion  
  28  3:18  Hellion  
  32  3:21  SCV  
  32  3:23  SCV  
  32  3:26  Barracks Tech Lab  
  34  3:33  SCV  
  35  3:36  Hellion, SCV  
  35  3:40  Hellion  
  40  3:46  SCV  
  40  3:48  SCV  
  42  3:49  Banshee  
  42  3:52  Orbital Command  
  45  3:56  Cloaking Field  
  45  3:58  Marine  
  45  3:59  SCV  
  45  4:00  SCV  
  48  4:04  Hellion  
  48  4:09  Hellion  
  52  4:13  SCV  
  52  4:14  Supply Depot  
  52  4:16  Barracks Tech Lab  
  53  4:18  SCV  
  53  4:20  SCV  
  55  4:25  SCV  
  56  4:32  Banshee, SCV  
  56  4:35  Barracks  
  56  4:36  Marine  
  61  4:40  Barracks, Factory Reactor  
  61  4:41  SCV x2  
  61  4:42  Supply Depot  
  61  4:44  SCV  
  64  4:48  Stimpack  
  64  4:51  Refinery  
  64  4:52  Refinery  
  64  4:53  SCV x2  
  64  4:59  Engineering Bay  
  66  5:00  SCV  
  66  5:02  Engineering Bay  
  66  5:05  SCV  
  66  5:06  Supply Depot  
  68  5:07  Marine  
  68  5:09  Orbital Command  
  68  5:12  Supply Depot, SCV  
  70  5:17  SCV  
  71  5:23  Barracks  
  71  5:24  SCV  
  71  5:25  Barracks  
  71  5:27  Starport Reactor  
  72  5:28  Supply Depot  
  72  5:29  SCV  
  72  5:30  Siege Tank  
  72  5:31  Marine  
  72  5:33  Marine  
  78  5:36  SCV  
  78  5:37  SCV  
  78  5:38  Marine x2  
  82  5:43  Terran Infantry Armor Level 1  
  82  5:44  Marine  
  82  5:45  SCV  
  82  5:48  SCV  
  85  5:50  SCV  
  85  5:53  Marine, Supply Depot  
  87  5:57  SCV  
  87  5:59  Marine x2, Supply Depot  
  87  6:00  SCV  
  87  6:03  SCV  
  92  6:04  Siege Tank  
  92  6:06  Marine  
  92  6:07  Marine  
  96  6:12  SCV  
  96  6:16  Barracks Reactor x2, SCV  
  97  6:18  Medivac  
  97  6:19  Marine, Supply Depot, Medivac  
  97  6:23  Marine x2  
  97  6:24  SCV  
  105  6:26  Marine  
  105  6:28  Supply Depot  
  105  6:29  SCV  
  103  6:34  SCV  
  103  6:36  SCV  
  103  6:37  Marine  
  103  6:39  Siege Tank, Refinery  
  103  6:40  Factory, Marine  
  103  6:42  Supply Depot, SCV  
  103  6:43  Terran Infantry Weapons Level 1  
  103  6:46  SCV, Supply Depot  
  103  6:47  Marine, Refinery  
  105  6:48  SCV  
  105  6:51  Marine  
  105  6:54  Combat Shield, SCV  
  109  6:55  Marine x5  
  109  6:58  SCV  
  109  6:59  Marine  
  109  7:00  Medivac  
  118  7:05  Supply Depot, Medivac  
  118  7:06  SCV x2  
  122  7:08  Marine  
  122  7:09  Supply Depot, Marine  
  122  7:14  Marine  
  122  7:15  SCV, Supply Depot  
  123  7:16  Marine x2  
  123  7:22  Command Center  
  126  7:24  Armory, Marine  
  126  7:29  Factory Tech Lab  
  127  7:30  Marine x2  
  127  7:31  Marauder  
  131  7:40  Marine  
  131  7:41  Barracks x2  
  131  7:43  Barracks Tech Lab  
  132  7:47  Medivac  
  132  7:48  Siege Tank x2, Marine  
  132  7:49  Marine  
  142  7:51  Marine x2  
  142  7:53  Medivac  
  142  7:55  Marine  
  142  7:58  Supply Depot  
  147  7:59  Marauder, Marine  
  147  8:04  Marauder  
  152  8:06  Marine  
  152  8:08  Ghost Academy  
  153  8:16  Marine x3  
  153  8:17  Marine, Medivac  
  153  8:18  SCV  
  156  8:21  Marauder  
  156  8:23  Supply Depot  
  156  8:24  Siege Tank, Marine  
  156  8:26  Concussive Shells  
  158  8:27  Marauder  
  158  8:30  Terran Vehicle Weapons Level 1, Terran Infantry Armor Level 2  
  157  8:39  SCV  
  159  8:41  SCV  
  159  8:42  Marauder  
  159  8:44  Sensor Tower, SCV  
  159  8:45  Missile Turret  
  159  8:47  Barracks Tech Lab x2, Marine  
  163  8:49  Marine x2  
  163  8:52  Terran Infantry Weapons Level 2  
  165  8:57  Marauder  
  165  9:00  Missile Turret, SCV  
  165  9:01  Refinery x2  
  165  9:02  Planetary Fortress  
  168  9:08  Missile Turret, Marauder  
  168  9:10  Missile Turret  
  168  9:11  Ghost  
  170  9:22  Command Center  
  163  9:26  SCV  
  163  9:27  SCV  
  163  9:28  Ghost  
  163  9:29  Ghost  
  169  9:32  Command Center  
  169  9:34  SCV  
  170  9:38  SCV  
  170  9:39  Viking, SCV  
  170  9:41  Viking  
  170  9:45  Siege Tank  
  179  9:46  SCV  
  179  9:48  Siege Tank  
  179  9:49  Marine  
  184  10:02  Sensor Tower  
  184  10:09  Factory, Command Center  
  184  10:10  Ghost  
  184  10:11  Drilling Claws  
  186  10:17  Siege Tank  
  188  10:21  Ghost x2  
  188  10:27  Ghost  
  191  10:32  Command Center  
  191  10:39  Command Center  
  191  10:40  Bunker  
  190  10:44  Ghost  
  189  10:50  Ghost  
  189  10:51  Siege Tank  
  196  10:57  SCV  
  196  11:01  SCV x2  
  195  11:06  Widow Mine  
  185  11:17  Marine  
  187  11:18  Ghost  
  187  11:19  SCV  
  187  11:25  Siege Tank, Medivac  
  190  11:29  Barracks Tech Lab, Medivac  
  190  11:31  Barracks Tech Lab  
  192  11:34  Missile Turret  
  192  11:36  Missile Turret x2  
  192  11:39  Terran Infantry Weapons Level 3  
  192  11:46  Barracks  
  192  11:47  Orbital Command, Ghost  
  192  11:48  Barracks  
  192  11:52  Orbital Command  
  194  11:58  Sensor Tower, Ghost  
  194  11:59  Ghost  
  198  12:04  Terran Infantry Armor Level 3  
  195  12:14  Planetary Fortress  
  195  12:15  Ghost  
  195  12:21  Siege Tank, Refinery  
  195  12:22  Sensor Tower, Missile Turret  
  200  12:36  Barracks Reactor, Starport  
  200  12:37  Barracks Tech Lab  
  200  12:38  Command Center, Factory Reactor  
  200  12:40  Command Center  
  200  12:41  Terran Vehicle And Ship Armor Level 1  
  200  12:48  Refinery  
  200  12:51  Personal Cloaking  
  199  12:58  Widow Mine  
  199  13:07  Command Center  
  198  13:43  Ghost  
  198  13:45  Fusion Core  
  198  13:47  Starport Reactor  
  198  13:48  Ghost  
  193  13:50  Marine  
  193  13:54  Orbital Command  
  196  14:06  Liberator  
  199  14:21  Orbital Command  
  192  14:27  Liberator  
  192  14:28  Liberator  
  192  14:30  Ghost  
  185  14:32  Siege Tank  
  185  14:33  Ghost  
  185  14:34  Ghost, Marine x3  
  185  14:37  Siege Tank, Marine  
  199  14:40  Marine  
  200  14:48  Advanced Ballistics  
  200  14:49  Command Center  
  200  14:50  Command Center  
  200  14:53  Hi-Sec Auto Tracking, Neosteel Armor  
  200  15:20  Medivac  
  200  15:24  Marauder  
  200  15:26  Ghost  
  200  15:27  Marine x2  
  200  15:34  Ghost  
  200  15:37  Ghost  
  200  15:48  Medivac  
  192  16:05  Siege Tank, Marine x4  
  192  16:06  Marine  
  192  16:07  Siege Tank, Liberator x2  
  192  16:08  Marine  
  190  16:13  Liberator, Ghost  
  190  16:14  Ghost  
  190  16:18  Medivac  
  191  16:19  Marauder  
  191  16:20  Marine x2  
  191  16:23  Marine  
  195  16:32  Widow Mine  
  195  16:34  Widow Mine  
  195  16:35  Marine  
  195  16:37  Siege Tank  
  195  16:39  Siege Tank  
  199  16:47  Liberator  
  200  16:57  Orbital Command  
  199  17:01  Terran Vehicle Weapons Level 2  
  199  17:03  Armory  
  190  17:30  Missile Turret  
  190  17:33  Ghost  
  190  17:34  Ghost  
  190  17:36  Refinery  
  190  17:37  Siege Tank, Liberator  
  162  17:38  Ghost  
  162  17:39  Siege Tank  
  162  17:40  Marine x2  
  162  17:41  Ghost  
  162  17:43  SCV x2, Marine x2  
  162  17:44  Marine x3, SCV x3  
  178  17:47  Liberator  
  178  17:48  Liberator x2  
  178  17:49  Widow Mine x2  
  194  17:59  Planetary Fortress  
  194  18:02  Ghost x2  
  194  18:03  Caduceus Reactor  
  198  18:05  Refinery  
  198  18:10  Orbital Command  
  198  18:21  Liberator  
  199  18:31  Siege Tank, Marine  
  200  18:45  Command Center  
  200  18:51  Orbital Command  
  197  18:57  Liberator  
  198  19:07  Siege Tank  
  198  19:08  SCV x2  
  198  19:09  Widow Mine  
  192  19:10  Widow Mine  
  192  19:11  SCV  
  192  19:14  Orbital Command  
  192  19:17  Liberator x2  
  191  19:20  Siege Tank  
  197  19:26  Liberator  
  197  19:28  Ghost  
  196  19:53  Ghost  
  196  19:54  Marine x2  
  200  20:01  Orbital Command, Terran Vehicle Weapons Level 3, Terran Vehicle And Ship Armor Level 2  
  197  20:30  Siege Tank  
  200  20:37  Liberator  
  200  20:38  Siege Tank  
  198  20:53  Orbital Command  
  198  20:55  Liberator  
  176  21:01  Liberator, Sensor Tower  
  176  21:02  Siege Tank, Liberator  
  176  21:03  Marine, Widow Mine x2  
  176  21:04  Ghost, Marine x3  
  174  21:06  Marine  
  174  21:08  Refinery  
  174  21:09  Refinery  
  174  21:10  Siege Tank, Marine  
  174  21:11  Ghost  
  172  21:12  Marine  
  172  21:13  Ghost  
  172  21:14  Marine  
  178  21:19  Marine  
  178  21:20  Liberator  
  178  21:24  Widow Mine  
  181  21:29  Planetary Fortress  
  180  21:32  SCV  
  180  21:33  Missile Turret  
  180  21:34  Siege Tank, Sensor Tower  
  180  21:36  Ghost  
  180  21:37  Widow Mine  
  180  21:38  Medivac  
  189  21:40  Command Center  
  189  21:42  Siege Tank  
  189  21:44  Liberator  
  189  21:45  Liberator  
  198  21:47  Cyclone  
  200  21:55  Ghost  
  200  21:56  Marine x2  
  200  21:59  Ghost  
  200  22:00  Marine  
  190  22:07  Siege Tank, Marauder, Marine x4  
  190  22:08  Marine, Marauder  
  170  22:11  SCV x3  
  170  22:12  SCV  
  170  22:13  SCV  
  170  22:14  Siege Tank, Marine x2  
  180  22:18  SCV, Marine  
  180  22:19  Refinery  
  182  22:24  Marine  
  182  22:25  Marine x2  
  182  22:28  Ghost x2, Marine x2  
  185  22:39  Siege Tank  
  188  22:46  Siege Tank  
  188  22:51  Ghost  
  150  22:59  Marine x3  
  150  23:01  SCV  
  150  23:04  Marine  
  150  23:05  Ghost x3, Marine x2  
  139  23:06  Widow Mine x2  
  139  23:07  Marine x2  
  139  23:11  Siege Tank  
  140  23:12  Viking x2  
  140  23:13  Viking x2  
  140  23:15  Terran Ship Weapons Level 1, Terran Vehicle And Ship Armor Level 3  
  140  23:17  Marine x2  
  140  23:18  Siege Tank  
  140  23:19  Ghost  
  153  23:25  Marine  
  151  23:28  Widow Mine  
  151  23:33  Ghost x3  
  154  23:35  Widow Mine  
  140  23:43  Siege Tank, Marine  
  140  23:48  Ghost, Marine x2  
  119  23:49  Widow Mine  
  119  23:50  Siege Tank, Marine x2  
  119  23:51  Marine x3  
  131  24:01  Marine  
  131  24:02  Ghost x3  
  130  24:05  Marine  
  130  24:06  Marine  
  130  24:08  Marine x3  
  130  24:09  Viking, Marine  
  140  24:10  Marine  
  140  24:15  Siege Tank, Hellbat x2  
  140  24:16  Ghost  
  145  24:19  Marine  
  145  24:21  Orbital Command  
  145  24:23  Hellbat, Missile Turret, Hurricane Engines, Marine  
  151  24:24  Missile Turret  
  151  24:25  Missile Turret  
  151  24:28  Missile Turret  
  157  24:31  Marine, Marauder x3  
  157  24:32  Marine x2  
  157  24:34  Marine, Refinery  
  157  24:36  Hellbat, Widow Mine  
  157  24:37  Orbital Command  
  165  24:43  Liberator  
  165  24:44  Marine x2  
  168  24:45  Marine  
  168  24:46  Marauder  
  168  24:47  Cyclone  
  147  24:52  Marauder  
  147  24:53  Marauder x2  
  147  24:57  Marine  
  147  24:58  Marine  
  142  25:05  Hellbat  
  144  25:07  Marauder  
  144  25:08  Marine  
  144  25:09  Marine  
  144  25:14  Marauder x3  
  154  25:18  Marine  
  154  25:19  Marine x2  
  154  25:20  Refinery  
  157  25:22  Hellbat x3  
  157  25:28  Hellbat  
  165  25:29  Marauder  
  165  25:34  Orbital Command  
  165  25:35  Marauder x2  
  171  25:36  Marauder  
  171  25:38  Liberator  
  171  25:40  Liberator  
  177  25:43  Hellbat  
  125  25:56  Marauder  
  111  25:58  Missile Turret  
  111  26:04  Hellbat x4, Marine x2  
  117  26:05  Sensor Tower, Marauder x2  
  117  26:06  Marine x2  
  117  26:08  Marine  
  128  26:19  Marine  
  128  26:22  Medivac  
  128  26:25  Hellbat  
  133  26:28  Missile Turret, Marine x2  
  133  26:32  Hellbat x2  
  139  26:39  Marauder  
  130  26:42  Marauder  
  85  27:21  Missile Turret  
Tags
 
Add a new tag
Caveats
  • Supply blocks, unpowered buildings, or Contaminate may cause inaccurate times.
  • Supply counts are checked every 10 seconds.